 Seeded DCSS version 0.29-a0-356-g7bc237e783 (webtiles) character file.

Game seed: 13387057801375688922 (custom seed)

3598 zeratav the Geomancer (level 10, -3/56 HPs)
             Began as an Octopode Conjurer on Apr 26, 2022.
             Was a Follower of Ashenzari.
             Slain by a vampire (10 damage)
             ... on level 9 of the Dungeon.
             The game lasted 00:23:30 (11444 turns).

zeratav the Geomancer (Octopode Conjurer)          Turns: 11444, Time: 00:23:30

Health: -3/56      AC:  5    Str: 16    XL:     10   Next: 10%
Magic:  14/17      EV: 17    Int: 25    God:    Ashenzari [*.....]
Gold:   651        SH:  0    Dex: 15    Spells: 11/19 levels left

rFire   + + .      SeeInvis .   n - +4 club (spect) {mace}
rCold   . . .      Faith    .   (no shield)
rNeg    + . .      Spirit   .   (helmet restricted)
rPois   .          Reflect  .   y - amulet of regeneration {@e2}
rElec   .          Harm     .   e - ring of the Firmament {rF++ rN+ Str+3 Dex+5, Cun, Melee} (curse)
rCorr   .          Rampage  .   u - +4 ring of protection
Will    .....                   z - +6 ring of strength
Stlth   +++.......              C - ring "Share My Sybil" {Fly, Alch, Melee} (curse)
HPRegen 0.98/turn               E - ring of flight
MPRegen 0.15/turn               (no ring)
                                (no ring)
                                (no ring)

@: flying
A: almost no armour, amphibious, 8 rings, camouflage 1, gelatinous body 1,
(nimble swimmer 1), tentacles
a: Renounce Religion, Curse Item, Shatter the Chains


You were on level 9 of the Dungeon.
You worshipped Ashenzari.
Ashenzari was aware of your devotion.
You visited 2 branches of the dungeon, and saw 11 of its levels.

You collected 651 gold pieces.


Innate Abilities, Weirdness & Mutations

You cannot wear most types of armour.
You are amphibious.
You can wear up to eight rings at the same time.
Your skin changes colour to match your surroundings (Stealth+).
Your rubbery body absorbs attacks. (AC +1, EV +1)
((You are camouflaged when in or above water. (Stealth+)))
You have tentacles for arms and can constrict up to eight enemies at once.


   Skills:
 + Level 6.9(7.8) Dodging
 - Level 2.6(3.4) Stealth
 - Level 5.0 Spellcasting
 - Level 5.5 Conjurations
 - Level 7.1(8.0) Transmutations
 - Level 8.0 Earth Magic


You had 11 spell levels left.
You knew the following spells:

 Your Spells              Type           Power      Damage    Failure   Level
a - Magic Dart            Conj           100%       1d8       1%          1
b - Searing Ray           Conj           66%        2d6       1%          2
c - Stone Arrow           Conj/Erth      80%        3d12      1%          3
d - Passwall              Tmut/Erth      38%        N/A       1%          2

Your spell library contained the following spells:

 Spells                   Type           Power      Damage    Failure   Level
 Sandblast                Erth           92%        2d19      1%          1
 Wereblood                Tmut           46%        N/A       1%          2
 Dazzling Flash           Conj/Hex       40%        N/A       8%          3
 Sublimation of Blood     Necr           6%         N/A       12%         2
 Fulminant Prism          Conj/Hex       10%        3d9       26%         4
 Iskenderun's Mystic Bla  Conj/Tloc      20%        2d6       26%         4
 Summon Hydra             Summ           3%         N/A       100%        7

Inventory:

Hand Weapons
 n - a +4 spectral club (weapon) {mace}
   (You took it off Jessica on level 2 of the Dungeon)
Jewellery
 e - the cursed ring of the Firmament (left tentacle) {rF++ rN+ Str+3 Dex+5, Cun, Melee}
   (You acquired it on level 1 of the Dungeon)

   [ring of positive energy]

   Str:       It affects your strength (+3).
   Dex:       It affects your dexterity (+5).
   rF:        It greatly protects you from fire.
   rN:        It protects you from negative energy.
   It has a curse which improves the following skills: Cunning: Dodging and
   Stealth.
   Melee Combat: Short Blades, Long Blades, Axes, Maces & Flails, Polearms,
   Staves and Unarmed Combat.
 u - a +4 ring of protection (right tentacle)
   (You found it on level 4 of the Dungeon)
 y - an amulet of regeneration (around mantle) {@e2}
   (You found it on level 5 of the Dungeon)
 z - a +6 ring of strength (on tentacle)
   (You found it on level 6 of the Dungeon)
 C - the cursed ring "Share My Sybil" (on tentacle) {Fly, Alch, Melee}
   (You found it on level 7 of the Dungeon)

   [ring of flight]

   Fly:       It grants you flight.
   It has a curse which improves the following skills: Alchemy: Poison Magic and
   Transmutations.
   Melee Combat: Short Blades, Long Blades, Axes, Maces & Flails, Polearms,
   Staves and Unarmed Combat.
 E - a ring of flight (on tentacle)
   (You found it on level 7 of the Dungeon)
Wands
 A - a wand of charming (13)
   (You found it on level 6 of the Dungeon)
 B - a wand of acid (7)
   (You found it on level 7 of the Dungeon)
Scrolls
 b - 4 scrolls of teleportation {@r4}
 f - 2 scrolls of enchant weapon
 g - 2 scrolls of enchant armour
 j - a scroll of brand weapon
 k - a scroll of identify {@r1}
 m - a scroll of vulnerability {!r!r}
 p - 3 scrolls of fear
 t - a scroll of acquirement
 v - 4 scrolls of holy word
 w - 3 scrolls of immolation {!r!r}
 x - 2 scrolls of fog
Potions
 a - a potion of magic
 c - 6 potions of curing {@q1}
 d - a potion of cancellation
 h - 5 potions of attraction {!q}
 l - a potion of lignification {!q}
 o - a potion of berserk rage {!q}
 q - 2 potions of mutation {!q}
 r - 3 potions of ambrosia
 s - a potion of resistance

Dungeon Overview and Level Annotations

Branches:
Dungeon (10/15)            Temple (1/1) D:7             Orc (0/2) D:9
   Lair: D:8-11

Altars:
Ashenzari
Cheibriados
Dithmenos
Elyvilon
Fedhas
Kikubaaqudgha
Makhleb
Nemelex Xobeh
Okawaru
Qazlal
Ru
Sif Muna
Trog
Vehumet
Wu Jian
Xom
Yredelemnul
Zin
The Shining One

Annotations:
D:2 1 runed translucent door, Crazy Yiuf
D:7 2 transporters, turdburglar's ghost, amateur HOFi
D:8 3 runed translucent doors, pigah's ghost, journeyman OpAE

#.......######.<.##...##...#
#............#...##..##.....
#....o.......#.......#......
#......####..#.......#..#.#.
#..#.........#.......#.##.##
#............#########.#...#
#.........############.#...#
#.........#§§§.......#.##.##
#.....##..#@§§.......#..#)#.
#.....##..#{§§.......##...).
#.....##..#§§§.......##.....
#.........#...........##....
#.........#...........###...
#.........#...........#####.
#......)..#...............##
#..####..[#................#
#.(.......#...!.......##...#


There were no monsters in sight!


Message History

HP[-2]
You take 2 damage, and now have 27/56 hp.
The orc wizard misses you.
HP[+1]
You hit the orc wizard. You grab the orc wizard.
Your +4 spectral club {mace} hits the orc wizard.
You constrict the orc wizard.
The orc wizard hits you with a +0 dagger.
The orc wizard closely misses you.
HP[+1]
You hit the orc wizard. You squeeze the orc wizard.
You kill the orc wizard!
HP[+1]
You start resting.
HP[+26]
Your hp is fully restored (56).
Things that are here:
a +0 short sword {short}; a +0 plate armour; an orc corpse
There is an open door here.
There is an open door here.
There is a stone staircase leading down here.
You fly downwards.
There is a stone staircase leading up here.
x - 3 scrolls of fog (gained 1)
Found a stone staircase leading down.
A two-headed ogre comes into view.
It is wielding a +0 giant spiked club and a +0 giant club.
The vampire gestures wildly while chanting.
The vampire flickers and vanishes!
Deactivating autopickup; reactivate with Ctrl-A.
You are confused.
You feel better.
You are confused.
You are too confused!
You feel better.
There is a stone staircase leading up here.
Something hits you! Something bites you.
Something draws strength from your injuries!
You fly upwards.
Reactivating autopickup.
There is a stone staircase leading down here.
HP[-16]
You take 16 damage, and now have 40/56 hp.
MASSIVE DAMAGE!! (PAUSE)
As you read the scroll of fog, it crumbles to dust.
The scroll dissolves into smoke.
Something hits you but does no damage.
Deactivating autopickup; reactivate with Ctrl-A.
Something bites you but does no damage.
HP[+1]
Casting: Magic Dart (safe; 1% risk of failure)
Confirm with . or Enter, or press ? or * to list all spells.
You can't see any susceptible monsters within range! (Use Z to cast anyway.)
Casting: Magic Dart (safe; 1% risk of failure)
Confirm with . or Enter, or press ? or * to list all spells.
Aiming: Searing Ray (safe; 1% risk of failure)
Press: ? - help, Shift-Dir - straight line
Aim: Disturbance (grey smoke)
The searing ray hits something. (Press . to maintain the ray.)
Something hits you. Something bites you!
Something draws strength from your injuries!
HP[-10] MP[-2]
You take 10 damage, and now have 31/56 hp.
You lost 2 mp, and now have 15/17 mp.
The searing ray hits something.
Something hits you. Something bites you!
* * * LOW HITPOINT WARNING * * *
Something draws strength from your injuries!
HP[-12] MP[-1]
You take 12 damage, and now have 19/56 hp.
MASSIVE DAMAGE!! (PAUSE)
You lost 1 mp, and now have 14/17 mp.
The searing ray hits something.
Something barely misses you. Something bites you!
* * * LOW HITPOINT WARNING * * *
HP[-10] MP[-1]
You take 10 damage, and now have 9/56 hp.
You lost 1 mp, and now have 13/17 mp.
You feel much better. Something hits you!
* * * LOW HITPOINT WARNING * * *
Something barely misses you.
HP[+10]
You regained 10 hp, and now have 19/56 hp.
You barely miss something. Your squeeze misses something.
Your +4 spectral club {mace} barely misses something.
Something hits you!
* * * LOW HITPOINT WARNING * * *
Something barely misses you.
HP[-10]
You take 10 damage, and now have 9/56 hp.
You feel better. Something hits you!
* * * LOW HITPOINT WARNING * * *
Something barely misses you.
HP[+3]
You regained 3 hp, and now have 12/56 hp.
Aiming: Corrosive Bolt
Press: ? - help, Q - select action, (/) - cycle Shift-Dir - straight line
Aim: Disturbance (grey smoke)
Something hits you.
* * * LOW HITPOINT WARNING * * *
Something bites you!
You die...

Skill      XL: |  1  2  3  4  5  6  7  8  9 |
---------------+----------------------------+-----
Conjurations   | 5 |  5.5
Spellcasting   | 3 5 |  5.0
Transmutations | 1 4 7 |  7.1
Earth Magic    | 1 2 4 7 8 |  8.0
Dodging        | 6 |  6.9
Stealth        | |  2.6

Action                   |  1- 3 |  4- 6 |  7- 9 | 10-12 || total
-------------------------+-------+-------+-------+-------++-------
Melee: Dagger            |    62 |    18 |       |       ||    80
       Unarmed           |     6 |       |       |       ||     6
       Constrict         |    16 |     5 |    12 |     4 ||    37
       Tentacles         |    15 |     4 |    18 |     3 ||    40
       Punch             |     4 |       |     1 |       ||     5
       Club              |       |    10 |    49 |     9 ||    68
 Cast: Magic Dart        |    16 |    89 |   222 |    31 ||   358
       Searing Ray       |       |     6 |     7 |     1 ||    14
       Stone Arrow       |       |       |     4 |       ||     4
Invok: Curse Item        |       |       |     2 |       ||     2
Evoke: Wand              |       |       |       |     1 ||     1
  Use: Scroll            |     1 |       |     1 |     1 ||     3
       Potion            |       |       |     4 |     4 ||     8
 Stab: Sleeping          |    10 |       |       |       ||    10
       Distracted        |       |       |     1 |       ||     1
Armor: Skin              |     1 |     1 |    36 |     2 ||    40
Dodge: Dodged            |    37 |    39 |    69 |     8 ||   153

Levels and vault maps discovered:
D:1:      saegor_arrival_fortress, layout_rooms,
          shapermc_ecumenical_altar_acropolis, hangedman_decor_riveting
D:2:      layout_loops_corners, serial_rivers, chequers_serial_rivers_micro_a,
          chequers_serial_rivers_room_b, chequers_serial_rivers_large_b,
          chequers_serial_rivers_micro_b, minmay_randomly_rotated_circles,
          uniq_crazy_yiuf_cottage, uniq_terence, uniq_jessica
D:3:      layout_loops_cross, nicolae_overflow_hidden_temple
D:4:      layout_basic, lemuel_crystal_altar, mainiacjoe_overflow_alcove_2,
          minmay_distorted
D:5:      minmay_evil_eye, layout_cave_pools, minmay_crystal_room
D:6:      layout_cave_pools, kennysheep_donut, minmay_misc_feat_tower
D:7:      nicolae_cairo_tiling_very_big, layout_loops_ring,
          minmay_temple_entry_mini_moons, gammafunk_ghost_berserking_beasts
D:8:      layout_basic, ebering_ghost_rock_garden
D:9:      layout_stronghold, mainiacjoe_overflow_boulevard, david_orc_1_choice
D:10:     layout_irregular_city, mainiacjoe_overflow_cross_hatched,
          mainiacjoe_overflow_divided_tiny, enter_trove_1, serial_column_ruins,
          column_ruins_square_small, column_ruins_square_large,
          column_ruins_open_small, column_ruins_open_tiny,
          column_ruins_open_small, column_ruins_columns_corner,
          column_ruins_columns_T, minmay_fractal_squares_diagonal_5, uniq_snorg,
          uniq_gastronok, uniq_urug
Temple:   regret_index_temple_generic_petals

Notes
Turn   | Place    | Note
-------+----------+-------------------------------------------
     0 | D:1      | zeratav the Octopode Conjurer began the quest for the Orb.
     0 | D:1      | Reached XP level 1. HP: 11/11 MP: 3/3
     0 | D:1      | magus.rc [v1.9.6]
   210 | D:1      | HP: 2/11 [ball python (3)]
   212 | D:1      | Reached XP level 2. HP: 2/17 MP: 1/5
   511 | D:1      | Identified a scroll of acquirement
   511 | D:1      | Acquired the ring "Sofubrum" {rF++ rN+ Str+3 Dex+5}
   562 | D:1      | Found a faded altar of an unknown god.
  1048 | D:1      | You pick up a book of Geomancy and begin reading...
  1048 | D:1      | You add the spells Sandblast, Passwall and Stone Arrow to
                  | your library.
  1188 | D:1      | You pick up a book of Blood and begin reading...
  1188 | D:1      | You add the spells Sublimation of Blood, Wereblood and
                  | Summon Hydra to your library.
  1327 | D:2      | Learned a level 2 spell: Searing Ray
  1453 | D:2      | Noticed Terence
  1565 | D:2      | Reached XP level 3. HP: 18/21 MP: 6/6
  2083 | D:2      | Reached skill level 5 in Conjurations
  2221 | D:2      | Reached XP level 4. HP: 27/27 MP: 8/8
  2432 | D:2      | Found a runed translucent door.
  2433 | D:2      | Noticed Crazy Yiuf
  2586 | D:2      | Killed Terence
  2889 | D:2      | Noticed Jessica
  2894 | D:2      | Killed Jessica
  2895 | D:2      | Reached skill level 3 in Spellcasting
  2895 | D:2      | Reached skill level 1 in Transmutations
  2895 | D:2      | Reached skill level 1 in Earth Magic
  2895 | D:2      | Reached XP level 5. HP: 31/31 MP: 5/9
  3920 | D:3      | Reached skill level 2 in Earth Magic
  4180 | D:3      | Found a white marble altar of Elyvilon.
  4205 | D:3      | Reached XP level 6. HP: 36/36 MP: 5/10
  4454 | D:4      | Found a shimmering altar of Xom.
  4480 | D:4      | Reached skill level 3 in Earth Magic
  4610 | D:4      | Reached skill level 4 in Earth Magic
  4703 | D:4      | Reached XP level 7. HP: 14/41 MP: 1/11
  4715 | D:4      | HP: 7/41 [something/magic dart (9)]
  5088 | D:4      | Reached skill level 5 in Earth Magic
  5372 | D:4      | Reached skill level 6 in Earth Magic
  5604 | D:4      | Found a blossoming altar of Fedhas.
  5629 | D:5      | Entered Level 5 of the Dungeon
  6446 | D:6      | Learned a level 3 spell: Stone Arrow
  6497 | D:6      | Reached skill level 7 in Earth Magic
  6497 | D:6      | Reached XP level 8. HP: 46/46 MP: 5/13
  6822 | D:6      | Reached skill level 4 in Spellcasting
  7312 | D:6      | Reached skill level 8 in Earth Magic
  7539 | D:7      | Found a staircase to the Ecumenical Temple.
  7548 | Temple   | Entered the Ecumenical Temple
  7772 | Temple   | Became a worshipper of Ashenzari the Shackled
  7889 | D:7      | Reached skill level 5 in Spellcasting
  7892 | D:7      | Reached skill level 2 in Transmutations
  7991 | D:7      | Found a transporter.
  7996 | D:7      | Noticed turdburglar's ghost (amateur HOFi)
  7998 | D:7      | Noticed a wyvern
  7999 | D:7      | Noticed a moth of wrath
  8012 | D:7      | Found a transporter.
  8013 | D:7      | Noticed a catoblepas
  8113 | D:7      | Reached skill level 3 in Transmutations
  8197 | D:7      | Reached skill level 4 in Transmutations
  8197 | D:7      | Reached XP level 9. HP: 51/51 MP: 8/16
  8651 | D:8      | You are sucked into a shaft and drop 1 floor!
  8932 | D:8      | Reached skill level 5 in Transmutations
  9045 | D:8      | Noticed a cyclops
  9057 | D:8      | Learned a level 2 spell: Passwall
  9090 | D:8      | Killed a cyclops
  9091 | D:8      | Reached skill level 6 in Transmutations
  9198 | D:8      | Found a runed translucent gate.
  9199 | D:8      | Found a runed translucent gate.
  9199 | D:8      | Found a runed translucent gate.
  9199 | D:8      | Noticed pigah's ghost (journeyman OpAE)
  9500 | D:9      | Reached * piety under Ashenzari
  9542 | D:9      | Reached skill level 7 in Transmutations
  9628 | D:9      | Noticed a tengu conjurer
  9728 | D:9      | Found a glowing silver altar of Zin.
  9766 | D:9      | Reached skill level 3 in Dodging
 10234 | D:9      | Found a staircase to the Orcish Mines.
 10418 | D:9      | Reached skill level 4 in Dodging
 10530 | D:9      | Noticed a two-headed ogre
 10688 | D:10     | Entered Level 10 of the Dungeon
 10688 | D:10     | Noticed a troll
 10688 | D:10     | Noticed a green ugly thing
 10697 | D:9      | Killed a green ugly thing
 10698 | D:9      | Reached skill level 6 in Dodging
 10698 | D:9      | Reached XP level 10. HP: 15/56 MP: 17/17
 11403 | D:10     | Noticed a two-headed ogre
 11440 | D:9      | HP: 9/56 [something (11)]
 11444 | D:9      | Slain by a vampire

Vanquished Creatures
  An ugly thing (D:9)
  A cyclops (D:8)
  A steam dragon (D:7)
  2 water moccasins
  A black bear (D:4)
  4 orc warriors
  2 ogres
  2 phantoms
  5 bullfrogs
  A scorpion (D:6)
  7 killer bees (D:9)
  4 howler monkeys
  3 jellies
  5 orc priests
  2 hounds (D:6)
  Jessica (D:2)
  Terence (D:2)
  6 iguanas
  4 orc wizards
  12 adders
  A shadow imp (D:8)
  A white imp (D:7)
  2 worms (D:2)
  A dart slug (D:3)
  31 orcs
  12 ball pythons
  4 bats
  8 endoplasms
  7 giant cockroaches
  8 goblins
  9 hobgoblins
  3 jackals (D:5)
  5 quokkas
  4 frilled lizards (D:1)
  2 kobolds (D:1)
  6 rats
169 creatures vanquished.

Table legend:
 A = Non-vault XP
 B = Vault XP
 C = Vault XP percentage of total XP
 D = Non-vault monster count
 E = Vault monster count
 F = Vault count percentage of total count
                 A         B        C        D         E       F
            +---------+---------+-------+---------+---------+-------
      Total |    4327 |     814 |  15.8 |     153 |      16 |   9.5
            +---------+---------+-------+---------+---------+-------
        D:1 |      29 |       0 |   0.0 |      20 |       0 |   0.0
        D:2 |      79 |      82 |  50.9 |      21 |       8 |  27.6
        D:3 |     133 |       0 |   0.0 |      20 |       0 |   0.0
        D:4 |     657 |      38 |   5.5 |      27 |       3 |  10.0
        D:5 |      12 |       0 |   0.0 |       5 |       0 |   0.0
        D:6 |     907 |       0 |   0.0 |      20 |       0 |   0.0
        D:7 |     563 |       0 |   0.0 |      13 |       0 |   0.0
        D:8 |     841 |       0 |   0.0 |       9 |       0 |   0.0
        D:9 |    1106 |     694 |  38.6 |      18 |       5 |  21.7
            +---------+---------+-------+---------+---------+-------

Illustrated notes

Table legend:
 A = Kills in this place as a percentage of kills in entire the game.
 B = Kills by you in this place as a percentage of kills by you in the entire game.
 C = Kills by friends in this place as a percentage of kills by friends in the entire game.
 D = Other kills in this place as a percentage of other kills in the entire game.
 E = Experience gained in this place as a percentage of experience gained in the entire game.
 F = Experience gained in this place divided by the number of levels of this place that you have seen.
                   A       B       C       D       E      F
               +-------+-------+-------+-------+-------+----------------------
         Total | 100.0 | 100.0 |   N/A |   N/A | 100.0 | 467.4
       Dungeon | 100.0 | 100.0 |   N/A |   N/A | 100.0 | 514.1
               +-------+-------+-------+-------+-------+----------------------

Table legend: (Time is in decaauts)
 A = Elapsed time spent in this place.
 B = Non-inter-level travel time spent in this place.
 C = Inter-level travel time spent in this place.
 D = Time resting spent in this place.
 E = Time spent auto-exploring this place.
 F = Levels seen in this place.
 G = Mean time per level.
                   A        B        C        D        E       F      G
               +--------+--------+--------+--------+--------+-----+--------+
         Total |  11462 |  10611 |    851 |   2432 |   6294 |  11 | 1042.0 |
       Dungeon |  11205 |  10405 |    800 |   2432 |   6097 |  10 | 1120.5 |
        Temple |    256 |    205 |     51 |      0 |    197 |   1 |  256.0 |
               +--------+--------+--------+--------+--------+-----+--------+

Top non-repeatable levels by time:
     D:9: 1946 daAuts
     D:2: 1939 daAuts
     D:6: 1328 daAuts
     D:3: 1326 daAuts
     D:1: 1322 daAuts
     D:4: 1042 daAuts
     D:7: 932 daAuts
     D:8: 799 daAuts
     D:5: 505 daAuts
  Temple: 256 daAuts
    D:10: 62 daAuts
